 Dungeon Crawl Stone Soup version 0.22-a0-271-gc000056 (webtiles) character file.

5680 tidbits the Martial Artist (level 10, -1/76 HPs)
             Began as a Gnoll Transmuter on Mar 11, 2018.
             Was a Priest of Cheibriados.
             Slain by an orc
             ... wielding a +0 dagger
              (2 damage)
             ... on level 12 of the Dungeon.
             The game lasted 00:33:15 (3304 turns).

tidbits the Martial Artist (Gnoll Transmuter)       Turns: 3304, Time: 00:33:16

Health: -1/76      AC:  8    Str: 26    XL:     10   Next: 75%
Magic:  9/21       EV: 18    Int: 26    God:    Cheibriados [***...]
Gold:   118        SH:  2    Dex: 24    Spells: 6/24 levels left

rFire    + . .     SeeInvis .     - Unarmed
rCold    + . .     Gourm    .   (shield currently unavailable)
rNeg     . . .     Faith    .   B - +0 ring mail
rPois    +         Spirit   .   (no helmet)
rElec    +         Reflect  +   C - scarf {cloud immunity}
rCorr    +         Harm     .   (gloves currently unavailable)
MR       .....                  (no boots)
Stlth    +++.......             J - +2 amulet of reflection
HPRegen  0.22/turn              W - ring of wizardry
MPRegen  0.17/turn              F - ring of wizardry

@: mighty, blade hands (expiring), resistant, very slow
A: distributed training, fangs 1, iridescent scales 1, screaming 1, evolution 1,
strong nose
a: End Transformation, Bend Time, Temporal Distortion, Renounce Religion


You were on level 12 of the Dungeon.
You worshipped Cheibriados.
Cheibriados was most pleased with you.
You were hungry.
You had blades for hands.
You visited 2 branches of the dungeon, and saw 13 of its levels.

You collected 374 gold pieces.
You spent 256 gold pieces at shops.

Inventory:

Hand Weapons
 a - a +0 dagger of venom (melded)
   (You took it off an orc wizard on level 10 of the Dungeon)
 g - a +0 dagger of venom
   (You took it off an orc wizard on level 12 of the Dungeon)
 n - a +3 dire flail
 o - a cursed +0 hand axe
 w - a +1 dagger of electrocution
   (You took it off an orc priest on level 12 of the Dungeon)
 A - a cursed +5 scimitar
 O - a +0 blowgun
Missiles
 h - 45 stones
 t - 22 sling bullets
 y - 14 tomahawks (quivered)
 M - 40 arrows
 P - 15 poisoned needles
Armour
 B - a +0 ring mail (worn)
 C - a scarf of cloud immunity (worn)
   (You bought it in a shop on level 11 of the Dungeon)
 D - a +0 buckler (melded)
 T - a +0 leather armour
Jewellery
 b - an uncursed ring of magical power
   (You found it on level 9 of the Dungeon)
 f - a +5 ring of strength
   (You found it on level 2 of the Dungeon)
 F - a ring of wizardry (right scythe-like blade)
   (You found it on level 7 of the Dungeon)
 J - a +2 amulet of reflection (around neck)
   (You found it on level 8 of the Dungeon)
 W - a ring of wizardry (left scythe-like blade)
   (You found it on level 1 of the Dungeon)
Wands
 p - a wand of paralysis (20)
 s - a wand of flame (21)
 v - a wand of polymorph (21)
Scrolls
 e - a scroll of enchant armour {unknown}
 j - 7 scrolls of amnesia
 k - a scroll of fog {unknown}
 l - a scroll of brand weapon
 r - 4 scrolls of remove curse
 u - a scroll of blinking
 E - a scroll of vulnerability
 G - a scroll of immolation
 H - a scroll of silence
 K - a scroll of holy word
 L - 5 scrolls of teleportation
 N - 2 scrolls of fear
Potions
 i - a potion of cancellation
 m - 2 potions of curing
 q - 3 potions of lignification
 x - 2 potions of brilliance
 z - a potion of flight
 I - a potion of ambrosia
Comestibles
 c - 8 rations


   Skills:
 + Level 6.1 Fighting
 + Level 5.4 Short Blades
 + Level 5.4 Long Blades
 + Level 5.4 Axes
 + Level 5.4 Maces & Flails
 + Level 5.4 Polearms
 + Level 5.4 Staves
 + Level 5.4 Slings
 + Level 5.4 Bows
 + Level 5.4 Crossbows
 + Level 5.4 Throwing
 + Level 5.4 Armour
 + Level 7.2 Dodging
 + Level 5.4 Stealth
 + Level 5.4 Shields
 + Level 8.6 Unarmed Combat
 + Level 7.5 Spellcasting
 + Level 4.5 Conjurations
 + Level 4.5 Hexes
 + Level 4.5 Charms
 + Level 4.5 Summonings
 + Level 4.5 Necromancy
 + Level 4.5 Translocations
 + Level 6.0 Transmutations
 + Level 4.5 Fire Magic
 + Level 4.5 Ice Magic
 + Level 4.5 Air Magic
 + Level 4.5 Earth Magic
 + Level 4.5 Poison Magic
 + Level 6.0 Invocations
 + Level 5.4 Evocations


You had 6 spell levels left.
You knew the following spells:

 Your Spells              Type           Power        Failure   Level  Hunger
c - Conjure Flame         Conj/Fire      ####....     9%          3    None
e - Beastly Appendage     Tmut           #####.       3%          1    None
h - Blade Hands           Tmut           #####.....   21%         5    #####..
i - Ice Form              Ice/Tmut       #####...     13%         4    ##.....
k - Sticks to Snakes      Tmut           #####...     4%          2    None
p - Spider Form           Tmut/Pois      #####.....   7%          3    None


Dungeon Overview and Level Annotations

Branches:
Dungeon (12/15)            Temple (1/1) D:4            Lair (0/6) D:10
    Orc: D:9-12

Altars:
Ashenzari
Cheibriados
Dithmenos
Elyvilon
Fedhas
Gozag
Hepliaklqana
Kikubaaqudgha
Makhleb
Nemelex Xobeh
Okawaru
Qazlal
Ru
Sif Muna
Trog
Uskayaw
Vehumet
Wu Jian
Xom
Yredelemnul
Zin
The Shining One

Shops:
D:11 [

Annotations:
D:12 Frances


Innate Abilities, Weirdness & Mutations

Your experience applies equally to all skills.
You have very sharp teeth.
Your uncanny sense of smell can sniff out nearby items.
You are partially covered in iridescent scales. (AC +2)
You occasionally shout uncontrollably at your foes.
You evolve.


Message History

Your transformation is almost over.
The sky beast flickers out of sight!
Unknown command.
An orc comes into view. It is wielding a dagger.
Something hits you but does no damage. Something misses you.
Frances, Duchess of Pandemonium comes into view.
She is wielding a scimitar of protection.
Frances shouts!
The orc shouts!
You hear a shout!
Something hits you but does no damage. Something barely misses you.
You hear a shout!
An orc warrior comes into view. It is wielding a war axe.
Something hits you but does no damage.
Frances screams a word of power!
Unknown command.
The orc hits you but does no damage.
Frances sneers.
Something hits you but does no damage. The orc hits you but does no damage.
All of the chunks of flesh in your inventory have rotted away.
Unknown command.
Your hands revert to their normal proportions.
Your +0 dagger of venom unmelds from your body.
Your +0 buckler unmelds from your body.
Your +0 dagger of venom begins to drip with poison!
Frances chants phrases taken from a devil's mouth.
Something barely misses you. The orc barely misses you.
Unknown command.
Frances mutters in a terrible tongue.
Frances seems to speed up.
The red devil completely misses you.
The ynoxinul gestures.
The orc hits you with a dagger.
Unknown command.
Frances screams a word of power!
You block something's attack.
Unknown command.
Okay, then.
Unknown command.
Evoke which item? (* to show all) (? for menu, Esc to quit)
Aiming: Paralyse
Press: ? - help, Shift-Dir - straight line, f - orc warrior
Aim: an orc warrior, wielding a war axe and wearing a plate armour (chance to defeat MR: 62%) Nothing appears to happen.
The ynoxinul disappears in a puff of smoke!
The ufetubus disappears in a puff of smoke! x3
Something hits you but does no damage.
Unknown command.
Something barely misses you.
Unknown command.
Evoke which item? (* to show all) (? for menu, Esc to quit)
Aiming: Paralyse
Press: ? - help, Shift-Dir - straight line, f - Frances, p - orc warrior
Aim: Frances, wielding a scimitar of protection and wearing a chain mail (fast, chance to defeat MR: 6%)
Okay, then.
Casting: Blade Hands (safe; 6% risk of failure)
Confirm with . or Enter, or press ? or * to list all spells.
Aiming: Conjure Flame (safe; 1% risk of failure)
Press: ? - help, Dir - move target cursor, p - orc warrior You see a ghostly outline there, and the spell fizzles.
Evoke which item? (* to show all) (? for menu, Esc to quit)
Okay, then.
You feel very mighty all of a sudden.
Frances hits you with a scimitar of protection!
A sky beast appears from thin air!
Casting: Conjure Flame (safe; 1% risk of failure)
Confirm with . or Enter, or press ? or * to list all spells.
Your hands turn into razor-sharp scythe blades.
Your +0 dagger of venom melds into your body.
Your +0 buckler melds into your body.
Your +0 dagger of venom stops dripping with poison.
Frances misses you.
Unknown command.
You shred Frances!!!
Frances is moderately wounded.
Frances screams a word of power!
The iron shot misses you.
You hit Frances.
Frances is moderately wounded.
You block Frances's attack.
You hit Frances.
Frances is moderately wounded.
Your transformation is almost over.
Frances screams a word of power!
The shard of ice misses you.
Frances hits you with a scimitar of protection!!
* * * LOW HITPOINT WARNING * * *
You slice Frances!! Your bite misses Frances.
Frances is heavily wounded.
The sky beast flickers out of sight!
Frances chants phrases taken from a devil's mouth.
The iron shot misses you.
Unknown command.
You slice Frances!!
Frances is severely wounded.
The orc closely misses you.
Frances hits you with a scimitar of protection!
* * * LOW HITPOINT WARNING * * *
It was a potion of resistance.
You feel protected.
Frances hits you with a scimitar of protection!
* * * LOW HITPOINT WARNING * * *
The orc hits you with a dagger.
You die...

###########
#....[<)..#
#....)))).###
#...†.))).o.# ###
#...).[)..#@# ....
###....†....#@# .....
.............#{#......
.###.........#44g.....
......................
................##....
..........##....# ...
........).##$.........
.................... .


You could see Frances, an orange demon, a red devil and an orc.

Vanquished Creatures
  A two-headed ogre (D:8)
  Nergalle (D:11)
  A deep elf mage (D:12)
  An ugly thing (D:11)
  A gargoyle (D:10)
  A troll (D:9)
  Prince Ribbit (D:6)
  A wraith (D:10)
  An orc warrior (D:12)
  A phantom (D:9)
  2 ice beasts
  4 necrophages
  An ogre (D:7)
  A centaur (D:8)
  A big kobold (D:10)
  A bullfrog (D:10)
  A scorpion (D:9)
  9 wights
  12 killer bees
  3 crimson imps
  A bullfrog zombie (D:8)
  2 orc priests (D:12)
  3 hounds
  2 centaur skeletons
  2 iguanas
  Natasha (D:2)
  8 orc wizards
  2 worker ants
  A hound zombie (D:8)
  8 gnolls
  3 adders
  A shadow imp (D:10)
  An ooze (D:7)
  2 leopard geckos (D:7)
  20 orcs
  A bat (D:3)
  3 giant cockroaches
  4 goblins
  3 hobgoblins
  8 jackals
  2 quokkas
  5 frilled lizards
  9 kobolds
  A leopard gecko skeleton (D:4)
  A leopard gecko zombie (D:8)
  A quokka zombie (D:8)
  4 rats
144 creatures vanquished.

Vanquished Creatures (collateral kills)
  A bullfrog (D:10)
  An orc wizard (D:10)
  2 orcs
  A hobgoblin (D:12)
  A jackal (D:4)
  A leopard gecko zombie (D:8)
7 creatures vanquished.

Vanquished Creatures (others)
  A withered plant (D:8)
1 creature vanquished.

Grand Total: 152 creatures vanquished

Notes
Turn   | Place    | Note
-------+----------+-------------------------------------------
     0 | D:1      | tidbits the Gnoll Transmuter began the quest for the Orb.
     0 | D:1      | Reached XP level 1. HP: 17/17 MP: 6/6
    28 | D:1      | You fall through a shaft!
    30 | D:2      | Noticed Natasha
    44 | D:2      | Killed Natasha
    44 | D:2      | Reached skill level 5 in Spellcasting
    44 | D:2      | Reached XP level 2. HP: 13/23 MP: 8/8
    44 | D:2      | Reached XP level 3. HP: 16/28 MP: 9/9
    49 | D:2      | Learned a level 2 spell: Sticks to Snakes
    53 | D:2      | Learned a level 3 spell: Spider Form
   365 | D:3      | Reached skill level 1 in Invocations
   589 | D:3      | Reached skill level 1 in Short Blades
   589 | D:3      | Reached skill level 1 in Long Blades
   589 | D:3      | Reached skill level 1 in Axes
   589 | D:3      | Reached skill level 1 in Maces & Flails
   589 | D:3      | Reached skill level 1 in Polearms
   589 | D:3      | Reached skill level 1 in Staves
   589 | D:3      | Reached skill level 1 in Slings
   589 | D:3      | Reached skill level 1 in Bows
   589 | D:3      | Reached skill level 1 in Crossbows
   589 | D:3      | Reached skill level 1 in Throwing
   589 | D:3      | Reached skill level 1 in Armour
   589 | D:3      | Reached skill level 1 in Stealth
   589 | D:3      | Reached skill level 1 in Shields
   589 | D:3      | Reached skill level 1 in Evocations
   700 | D:3      | Found a deep blue altar of Sif Muna.
   703 | D:3      | Found a shimmering altar of Xom.
   703 | D:3      | Found a glowing golden altar of the Shining One.
   707 | D:3      | Found an iron altar of Okawaru.
   707 | D:3      | Found a sacrificial altar of Ru.
   707 | D:3      | Found a hazy altar of Hepliaklqana.
   814 | D:4      | Reached XP level 4. HP: 25/34 MP: 4/11
   829 | D:4      | Gained mutation: Your body sometimes deteriorates upon taking damage. [potion of mutation]
   829 | D:4      | Gained mutation: You possess an exceptional clarity of mind. [potion of mutation]
   833 | D:5      | Entered Level 5 of the Dungeon
   874 | D:4      | Found a staircase to the Ecumenical Temple.
   882 | Temple   | Entered the Ecumenical Temple
   930 | Temple   | Became a worshipper of Cheibriados the Contemplative
   969 | D:4      | Reached skill level 1 in Conjurations
   969 | D:4      | Reached skill level 1 in Hexes
   969 | D:4      | Reached skill level 1 in Charms
   969 | D:4      | Reached skill level 1 in Summonings
   969 | D:4      | Reached skill level 1 in Necromancy
   969 | D:4      | Reached skill level 1 in Translocations
   969 | D:4      | Reached skill level 1 in Fire Magic
   969 | D:4      | Reached skill level 1 in Ice Magic
   969 | D:4      | Reached skill level 1 in Air Magic
   969 | D:4      | Reached skill level 1 in Earth Magic
   969 | D:4      | Reached skill level 1 in Poison Magic
   976 | D:4      | Found a shadowy altar of Dithmenos.
   976 | D:4      | Noticed a phantom
  1065 | D:4      | Reached XP level 5. HP: 34/40 MP: 6/12
  1185 | D:5      | Reached skill level 3 in Fighting
  1220 | D:5      | Reached skill level 4 in Transmutations
  1345 | D:5      | Reached XP level 6. HP: 18/47 MP: 7/13
  1348 | D:5      | Reached skill level 2 in Invocations
  1424 | D:5      | Learned a level 4 spell: Ice Form
  1430 | D:5      | Learned a level 5 spell: Blade Hands
  1503 | D:6      | Noticed Prince Ribbit
  1513 | D:6      | Killed Prince Ribbit
  1513 | D:6      | Reached skill level 2 in Short Blades
  1513 | D:6      | Reached skill level 2 in Long Blades
  1513 | D:6      | Reached skill level 2 in Axes
  1513 | D:6      | Reached skill level 2 in Maces & Flails
  1513 | D:6      | Reached skill level 2 in Polearms
  1513 | D:6      | Reached skill level 2 in Staves
  1513 | D:6      | Reached skill level 2 in Slings
  1513 | D:6      | Reached skill level 2 in Bows
  1513 | D:6      | Reached skill level 2 in Crossbows
  1513 | D:6      | Reached skill level 2 in Throwing
  1513 | D:6      | Reached skill level 2 in Armour
  1513 | D:6      | Reached skill level 5 in Dodging
  1513 | D:6      | Reached skill level 2 in Stealth
  1513 | D:6      | Reached skill level 2 in Shields
  1513 | D:6      | Reached skill level 2 in Evocations
  1513 | D:6      | Reached XP level 7. HP: 52/52 MP: 7/15
  1538 | D:6      | Reached * piety under Cheibriados
  1569 | D:7      | Lost mutation: You possess an exceptional clarity of mind. [potion of mutation]
  1569 | D:7      | Lost mutation: Your body sometimes deteriorates upon taking damage. [potion of mutation]
  1569 | D:7      | Gained mutation: You possess an exceptional clarity of mind. [potion of mutation]
  1569 | D:7      | Gained mutation: You are partially covered in iridescent scales. (AC +2) [potion of mutation]
  1569 | D:7      | Lost mutation: You possess an exceptional clarity of mind. [potion of mutation]
  1569 | D:7      | Gained mutation: You evolve. [potion of mutation]
  1840 | D:7      | Reached skill level 7 in Unarmed Combat
  1882 | D:7      | Reached skill level 2 in Conjurations
  1882 | D:7      | Reached skill level 2 in Hexes
  1882 | D:7      | Reached skill level 2 in Charms
  1882 | D:7      | Reached skill level 2 in Summonings
  1882 | D:7      | Reached skill level 2 in Necromancy
  1882 | D:7      | Reached skill level 2 in Translocations
  1882 | D:7      | Reached skill level 2 in Fire Magic
  1882 | D:7      | Reached skill level 2 in Ice Magic
  1882 | D:7      | Reached skill level 2 in Air Magic
  1882 | D:7      | Reached skill level 2 in Earth Magic
  1882 | D:7      | Reached skill level 2 in Poison Magic
  1925 | D:7      | Gained mutation: You occasionally shout uncontrollably at your foes. [evolution]
  2089 | D:8      | Reached skill level 3 in Invocations
  2092 | D:8      | Reached XP level 8. HP: 26/59 MP: 9/16
  2094 | D:8      | Reached skill level 4 in Fighting
  2103 | D:8      | Reached skill level 3 in Short Blades
  2103 | D:8      | Reached skill level 3 in Long Blades
  2103 | D:8      | Reached skill level 3 in Axes
  2103 | D:8      | Reached skill level 3 in Maces & Flails
  2103 | D:8      | Reached skill level 3 in Polearms
  2103 | D:8      | Reached skill level 3 in Staves
  2103 | D:8      | Reached skill level 3 in Slings
  2103 | D:8      | Reached skill level 3 in Bows
  2103 | D:8      | Reached skill level 3 in Crossbows
  2103 | D:8      | Reached skill level 3 in Throwing
  2103 | D:8      | Reached skill level 3 in Armour
  2103 | D:8      | Reached skill level 3 in Stealth
  2103 | D:8      | Reached skill level 3 in Shields
  2103 | D:8      | Reached skill level 3 in Evocations
  2160 | D:8      | Reached skill level 6 in Spellcasting
  2176 | D:9      | Noticed a two-headed ogre
  2275 | D:9      | HP: 5/70 [killer bee (5)]
  2287 | D:9      | HP: 7/70 [killer bee (7)]
  2318 | D:9      | HP: 4/60 [scorpion (8)]
  2322 | D:9      | Noticed a troll
  2329 | D:9      | Killed a troll
  2329 | D:9      | Reached skill level 3 in Conjurations
  2329 | D:9      | Reached skill level 3 in Hexes
  2329 | D:9      | Reached skill level 3 in Charms
  2329 | D:9      | Reached skill level 3 in Summonings
  2329 | D:9      | Reached skill level 3 in Necromancy
  2329 | D:9      | Reached skill level 3 in Translocations
  2329 | D:9      | Reached skill level 3 in Fire Magic
  2329 | D:9      | Reached skill level 3 in Ice Magic
  2329 | D:9      | Reached skill level 3 in Air Magic
  2329 | D:9      | Reached skill level 3 in Earth Magic
  2329 | D:9      | Reached skill level 3 in Poison Magic
  2329 | D:9      | Reached skill level 4 in Invocations
  2342 | D:10     | Entered Level 10 of the Dungeon
  2575 | D:9      | Reached skill level 6 in Dodging
  2575 | D:9      | Reached XP level 9. HP: 64/65 MP: 18/18
  2589 | D:9      | Reached ** piety under Cheibriados
  2589 | D:9      | Reached skill level 5 in Transmutations
  2632 | D:8      | Reached skill level 4 in Short Blades
  2632 | D:8      | Reached skill level 4 in Long Blades
  2632 | D:8      | Reached skill level 4 in Axes
  2632 | D:8      | Reached skill level 4 in Maces & Flails
  2632 | D:8      | Reached skill level 4 in Polearms
  2632 | D:8      | Reached skill level 4 in Staves
  2632 | D:8      | Reached skill level 4 in Slings
  2632 | D:8      | Reached skill level 4 in Bows
  2632 | D:8      | Reached skill level 4 in Crossbows
  2632 | D:8      | Reached skill level 4 in Throwing
  2632 | D:8      | Reached skill level 4 in Armour
  2632 | D:8      | Reached skill level 4 in Stealth
  2632 | D:8      | Reached skill level 4 in Shields
  2632 | D:8      | Reached skill level 4 in Evocations
  2685 | D:8      | Reached skill level 5 in Fighting
  2732 | D:8      | Noticed a two-headed ogre
  2739 | D:8      | Killed a two-headed ogre
  2739 | D:8      | Reached skill level 8 in Unarmed Combat
  2739 | D:8      | Reached skill level 5 in Invocations
  2807 | D:11     | Found Xeigeub's Antique Armour Boutique.
  2822 | D:11     | Noticed Nergalle
  2832 | D:11     | Reached skill level 7 in Spellcasting
  2832 | D:11     | Reached XP level 10. HP: 46/73 MP: 16/20
  2842 | D:11     | Killed Nergalle
  2842 | D:11     | Reached skill level 4 in Conjurations
  2842 | D:11     | Reached skill level 4 in Hexes
  2842 | D:11     | Reached skill level 4 in Charms
  2842 | D:11     | Reached skill level 4 in Summonings
  2842 | D:11     | Reached skill level 4 in Necromancy
  2842 | D:11     | Reached skill level 4 in Translocations
  2842 | D:11     | Reached skill level 4 in Fire Magic
  2842 | D:11     | Reached skill level 4 in Ice Magic
  2842 | D:11     | Reached skill level 4 in Air Magic
  2842 | D:11     | Reached skill level 4 in Earth Magic
  2842 | D:11     | Reached skill level 4 in Poison Magic
  2858 | D:11     | Bought a glowing scarf for 256 gold pieces
  2867 | D:10     | Found a staircase to the Lair.
  2895 | D:11     | Reached skill level 5 in Short Blades
  2895 | D:11     | Reached skill level 5 in Long Blades
  2895 | D:11     | Reached skill level 5 in Axes
  2895 | D:11     | Reached skill level 5 in Maces & Flails
  2895 | D:11     | Reached skill level 5 in Polearms
  2895 | D:11     | Reached skill level 5 in Staves
  2895 | D:11     | Reached skill level 5 in Slings
  2895 | D:11     | Reached skill level 5 in Bows
  2895 | D:11     | Reached skill level 5 in Crossbows
  2895 | D:11     | Reached skill level 5 in Throwing
  2895 | D:11     | Reached skill level 5 in Armour
  2895 | D:11     | Reached skill level 5 in Stealth
  2895 | D:11     | Reached skill level 5 in Shields
  2895 | D:11     | Reached skill level 5 in Evocations
  2905 | D:11     | Noticed a red ugly thing
  2912 | D:11     | Killed a red ugly thing
  3007 | D:10     | Reached *** piety under Cheibriados
  3040 | D:10     | Learned a level 3 spell: Conjure Flame
  3055 | D:10     | Reached skill level 7 in Dodging
  3099 | D:10     | Noticed a gargoyle
  3106 | D:10     | Killed a gargoyle
  3217 | D:12     | Noticed a deep elf mage
  3223 | D:12     | Killed a deep elf mage
  3223 | D:12     | Reached skill level 6 in Fighting
  3244 | D:12     | Reached **** piety under Cheibriados
  3244 | D:12     | Reached skill level 6 in Transmutations
  3244 | D:12     | Reached skill level 6 in Invocations
  3288 | D:12     | Noticed Frances
  3294 | D:12     | Noticed an orange demon
  3295 | D:12     | Noticed an orange demon
  3303 | D:12     | HP: 7/76 [Frances/scimitar of protection (13)]
  3304 | D:12     | HP: 1/76 [Frances/scimitar of protection (7)]
  3304 | D:12     | Slain by an orc

Vault maps used:
D:1:      saegor_arrival_simple_b
D:2:      uniq_natasha, uniq_sigmund
D:3:      doesnt_xom_only_xom, first_ration, minmay_shallow_snake_nest
D:4:      minmay_temple_entry_glassed_door, grunt_dithmenos_shadows
D:5:      minivault_27, uniq_blork_the_orc, uniq_menkaure
D:6:      uniq_duvessa, uniq_prince_ribbit1
D:8:      serial_undead, serial_undead_f, serial_undead_a, serial_undead_d,
          serial_undead_f, serial_undead_a, serial_undead_a, david_nohive_1
D:10:     minmay_lair_entry_lava, nicolae_looking_at_the_future
D:11:     serial_shops, shop, nicolae_sextant, uniq_josephine, uniq_nergalle
D:12:     erik_orc_4, uniq_frances
Temple:   nicolae_temple_the_god_donut

Skill      XL: |  1  2  3  4  5  6  7  8  9 10 |
---------------+-------------------------------+-----
Spellcasting   | 5 6 7 |  7.5
Invocations    | 1 2 3 4 5 6 |  6.0
Short Blades   | 1 2 3 4 5 |  5.4
Long Blades    | 1 2 3 4 5 |  5.4
Axes           | 1 2 3 4 5 |  5.4
Maces & Flails | 1 2 3 4 5 |  5.4
Polearms       | 1 2 3 4 5 |  5.4
Staves         | 1 2 3 4 5 |  5.4
Slings         | 1 2 3 4 5 |  5.4
Bows           | 1 2 3 4 5 |  5.4
Crossbows      | 1 2 3 4 5 |  5.4
Throwing       | 1 2 3 4 5 |  5.4
Armour         | 1 2 3 4 5 |  5.4
Stealth        | 1 2 3 4 5 |  5.4
Shields        | 1 2 3 4 5 |  5.4
Evocations     | 1 2 3 4 5 |  5.4
Conjurations   | 1 2 3 4 |  4.5
Hexes          | 1 2 3 4 |  4.5
Charms         | 1 2 3 4 |  4.5
Summonings     | 1 2 3 4 |  4.5
Necromancy     | 1 2 3 4 |  4.5
Translocations | 1 2 3 4 |  4.5
Fire Magic     | 1 2 3 4 |  4.5
Ice Magic      | 1 2 3 4 |  4.5
Air Magic      | 1 2 3 4 |  4.5
Earth Magic    | 1 2 3 4 |  4.5
Poison Magic   | 1 2 3 4 |  4.5
Fighting       | 3 4 5 6 |  6.1
Transmutations | 4 5 6 |  6.0
Dodging        | 5 6 7 |  7.2
Unarmed Combat | 7 8 |  8.6

Action                   |  1- 3 |  4- 6 |  7- 9 | 10-12 || total
-------------------------+-------+-------+-------+-------++-------
Melee: Unarmed           |    67 |    48 |   144 |    61 ||   320
       Headbutt          |     4 |       |       |       ||     4
       Bite              |     4 |       |     7 |     9 ||    20
       Kick              |     1 |       |       |       ||     1
       Punch             |       |       |     2 |     2 ||     4
       Dagger            |       |       |     6 |     7 ||    13
Throw: Tomahawk          |       |       |    14 |     1 ||    15
       Stone             |       |       |     1 |       ||     1
 Cast: Beastly Appendage |    12 |       |       |       ||    12
       Spider Form       |     5 |     8 |    11 |       ||    24
       Sticks to Snakes  |     3 |     6 |     5 |     3 ||    17
       Blade Hands       |       |       |    10 |    11 ||    21
       Ice Form          |       |       |     3 |       ||     3
       Conjure Flame     |       |       |       |     1 ||     1
Invok: Slouch            |       |       |       |     1 ||     1
 Abil: End Transformatio |       |       |     6 |     3 ||     9
Evoke: Wand              |       |       |    25 |     3 ||    28
  Use: Scroll            |     4 |     9 |     7 |     1 ||    21
       Potion            |       |     4 |     5 |     3 ||    12
 Stab: Sleeping          |     1 |       |     4 |     1 ||     6
       Distracted        |       |     1 |     1 |     1 ||     3
       Paralysed         |       |       |     7 |     4 ||    11
  Eat: Ration            |       |     1 |     2 |       ||     3
       Chunk             |       |       |     1 |     2 ||     3
Armor: Skin              |     4 |     2 |    12 |       ||    18
       Leather armour    |     3 |     1 |     4 |       ||     8
       Ring mail         |       |       |     5 |    20 ||    25
Dodge: Dodged            |    68 |    48 |   144 |    75 ||   335
Block: Buckler           |       |       |    14 |     2 ||    16
       Other             |       |       |     8 |     3 ||    11
       Reflection        |       |       |       |     1 ||     1

Table legend:
 A = Spawn XP
 B = Non-spawn XP
 C = Spawn XP percentage of total XP
 D = Spawn monster count
 E = Non-spawn monster count
 F = Spawn count percentage of total count
 G = Total turns spent on level
                    A         B        C        D         E        F      G
               +---------+---------+-------+---------+---------+-------+---------
         Total |       0 |    8115 |   0.0 |       0 |     151 |   0.0 |  3304
               +---------+---------+-------+---------+---------+-------+---------
           D:1 |       0 |      13 |   0.0 |       0 |      10 |   0.0 |   259
           D:2 |       0 |      46 |   0.0 |       0 |       8 |   0.0 |   193
           D:3 |       0 |       9 |   0.0 |       0 |       6 |   0.0 |   299
           D:4 |       0 |     108 |   0.0 |       0 |      10 |   0.0 |   268
           D:5 |       0 |     204 |   0.0 |       0 |      10 |   0.0 |   353
           D:6 |       0 |     281 |   0.0 |       0 |       3 |   0.0 |   127
           D:7 |       0 |     367 |   0.0 |       0 |       9 |   0.0 |   495
           D:8 |       0 |    2484 |   0.0 |       0 |      33 |   0.0 |   272
           D:9 |       0 |    1075 |   0.0 |       0 |      16 |   0.0 |   458
          D:10 |       0 |     961 |   0.0 |       0 |      19 |   0.0 |   300
          D:11 |       0 |    1545 |   0.0 |       0 |       5 |   0.0 |   135
          D:12 |       0 |    1022 |   0.0 |       0 |      22 |   0.0 |    87
               +---------+---------+-------+---------+---------+-------+---------

Table legend:
 A = Turns spent in this place as a percentage of turns spent in the entire game.
 B = Non-inter-level travel turns spent in this place as a percentage of non-inter-level travel turns spent in the entire game.
 C = Inter-level travel turns spent in this place as a percentage of turns spent in this place.
 D = Turns resting spent in this place as a percentage of non-inter-level travel turns spent in this place.
 E = Turns spent auto-exploring this place as a percentage of non-inter-level travel turns spent in this place.
 F = Non-inter-level travel turns spent in this place divided by the number of levels of this place that you've seen.
                   A       B       C       D       E      F
               +-------+-------+-------+-------+-------+----------------------
         Total | 100.0 | 100.0 |   1.2 |   0.0 |   0.0 | 251.0
       Dungeon |  98.2 |  98.5 |   1.0 |   0.0 |   0.0 | 267.8
        Temple |   1.8 |   1.5 |  13.8 |   0.0 |   0.0 |  50.0
               +-------+-------+-------+-------+-------+----------------------

Table legend:
 A = Kills in this place as a percentage of kills in entire the game.
 B = Kills by you in this place as a percentage of kills by you in the entire game.
 C = Kills by friends in this place as a percentage of kills by friends in the entire game.
 D = Other kills in this place as a percentage of other kills in the entire game.
 E = Experience gained in this place as a percentage of experience gained in the entire game.
 F = Experience gained in this place divided by the number of levels of this place that you have seen.
                   A       B       C       D       E      F
               +-------+-------+-------+-------+-------+----------------------
         Total | 100.0 | 100.0 | 100.0 |   N/A | 100.0 | 624.2
       Dungeon | 100.0 | 100.0 | 100.0 |   N/A | 100.0 | 676.2
               +-------+-------+-------+-------+-------+----------------------

Vault maps used:
D:1:      saegor_arrival_simple_b
D:2:      uniq_natasha, uniq_sigmund
D:3:      doesnt_xom_only_xom, first_ration, minmay_shallow_snake_nest
D:4:      minmay_temple_entry_glassed_door, grunt_dithmenos_shadows
D:5:      minivault_27, uniq_blork_the_orc, uniq_menkaure
D:6:      uniq_duvessa, uniq_prince_ribbit1
D:8:      serial_undead, serial_undead_f, serial_undead_a, serial_undead_d,
          serial_undead_f, serial_undead_a, serial_undead_a, david_nohive_1
D:10:     minmay_lair_entry_lava, nicolae_looking_at_the_future
D:11:     serial_shops, shop, nicolae_sextant, uniq_josephine, uniq_nergalle
D:12:     erik_orc_4, uniq_frances
Temple:   nicolae_temple_the_god_donut
